 Dungeon Crawl Stone Soup version 0.18-a0-824-g47fe746 (webtiles) character file.

133 root the Skirmisher (level 5, -5/47 HPs)
             Began as a Hill Orc Abyssal Knight on Dec 17, 2015.
             Was a Priest of Lugonu.
             Slain by an ice beast (11 damage)
             ... on level 4 of the Dungeon.
             The game lasted 00:16:49 (3093 turns).

root the Skirmisher (Hill Orc Abyssal Knight)       Turns: 3093, Time: 00:16:49

Health: -5/47      AC:  6    Str: 16    XL:     5   Next: 16%
Magic:  7/7        EV: 11    Int: 12    God:    Lugonu [***...]
Gold:   160        SH:  0    Dex: 10    Spells: 0 memorised, 4 levels left

rFire  . . .     SeeInvis .     s - +0 broad axe
rCold  . . .     Gourm    .     t - +0 ring mail (curse)
rNeg   . . .     Faith    .     (no shield)
rPois  .         Spirit   .     (no helmet)
rElec  .         Dismiss  .     (no cloak)
rCorr  .         Reflect  .     (no gloves)
SustAt .         Harm     .     d - +0 pair of boots
MR     .....                    (no amulet)
Stlth  ..........               (no ring)
                                (no ring)

@: not resistant to hostile enchantments, extremely unstealthy
A: no striking features
a: Depart the Abyss, Bend Space, Banish, Renounce Religion


You were on level 4 of the Dungeon.
You worshipped Lugonu.
Lugonu was most pleased with you.
You were near starving.

You visited 1 branch of the dungeon, and saw 4 of its levels.
You visited the Abyss 1 time.

You collected 160 gold pieces.

Inventory:

Hand Weapons
 a - a +1 hand axe
 s - a +0 broad axe (weapon)
Missiles
 m - 5 javelins (quivered)
 q - a throwing net
Armour
 b - a +0 leather armour
 d - a +0 pair of boots (worn)
 t - a cursed +0 ring mail (worn)
Jewellery
 g - an uncursed ring of wizardry
 v - an uncursed ring of positive energy {unknown}
Scrolls
 h - 4 scrolls of identify {unknown}
 j - 2 scrolls of remove curse {unknown}
 k - a scroll of teleportation {unknown}
Potions
 e - a potion of cancellation {unknown}
 i - 2 potions of brilliance {unknown}
 l - 2 potions of might {unknown}
 n - a potion of flight {unknown}
 p - a potion of berserk rage {unknown}
 r - a potion of agility {unknown}
 w - 2 potions of curing {unknown}
Comestibles
 c - 3 bread rations
 f - a beef jerky
 u - a meat ration


   Skills:
 + Level 4.7 Fighting
 + Level 3.6 Axes
 + Level 0.3 Throwing
 + Level 2.9 Armour
 + Level 2.0 Dodging
 + Level 3.3 Invocations


You had 4 spell levels left.
You didn't know any spells.

Dungeon Overview and Level Annotations

Branches:
Dungeon (4/15)
 Temple: D:4-7

Altars:
Fedhas
Okawaru
Xom

Annotations:
D:3 Sigmund
D:4 conein's ghost, amateur MiFi


Message History

The ice beast is almost dead.
The ice beast closely misses you. The ice beast hits you.
The ice beast freezes you!
* * * LOW HITPOINT WARNING * * *
You hit the ice beast but do no damage.
The ice beast is almost dead.
The ice beast hits you but does no damage.
You hit the ice beast.
The ice beast is almost dead.
The ice beast closely misses you.
The ice beast hits you but does no damage.
You completely miss the ice beast.
The ice beast is almost dead.
The ice beast hits you but does no damage.
You closely miss the ice beast.
The ice beast is almost dead.
The ice beast hits you.
* * * LOW HITPOINT WARNING * * *
The ice beast freezes you!
You die...

####.#.#.# ### #.#.#.#
#.####.#.#.# ######
#....#.#.#.#####....#
#.#.##.#.#..........#####
#.#.##.#............#...#
#.#....########....(#...#####
#.####.#>........Y...........
#.# ####........@#.##########
#.###........#.#.#Y#####...
#.....##.#.###.#.#.......#
#####.##.#.# #.#.#..#########
#.##.#.# #...#...# #....#
###....########..###.##.###.
#.........................
#......##.#....###.##.....
#......# #.##.# .... ....


You could see an ice beast.

Vanquished Creatures
  4 adders
  An ooze (D:3)
  3 giant geckos
  5 orcs
  3 ball pythons
  9 bats
  2 giant cockroaches
  12 hobgoblins
  4 jackals (D:1)
  8 kobolds
  3 quokkas
  4 giant newts
  15 goblins
  4 rats
77 creatures vanquished.

Notes
Turn   | Place    | Note
--------------------------------------------------------------
     0 | Abyss:1  | root the Hill Orc Abyssal Knight began the quest for the Orb.
     0 | Abyss:1  | Reached XP level 1. HP: 19/19 MP: 2/2
    75 | Abyss:1  | Noticed a crimson imp
    92 | Abyss:1  | Noticed a neqoxec
    92 | D:1      | Escaped the Abyss
   189 | D:1      | Reached * piety under Lugonu
   204 | D:1      | Reached skill level 4 in Fighting
   204 | D:1      | Reached XP level 2. HP: 21/27 MP: 4/4
   289 | D:1      | Reached skill level 1 in Dodging
   524 | D:1      | Reached XP level 3. HP: 30/33 MP: 5/5
   888 | D:2      | Reached ** piety under Lugonu
   923 | D:2      | Found a faded altar to an unknown god.
   991 | D:2      | Found a shimmering altar of Xom.
  1124 | D:2      | Found a blossoming altar of Fedhas.
  1179 | D:2      | Reached XP level 4. HP: 41/41 MP: 6/6
  1416 | D:2      | Found an iron altar of Okawaru.
  2022 | D:3      | Reached *** piety under Lugonu
  2363 | D:3      | Reached XP level 5. HP: 47/47 MP: 7/7
  2604 | D:3      | Noticed Sigmund
  2971 | D:4      | Noticed conein's ghost (amateur MiFi)
  3067 | D:4      | Noticed an ice beast
  3093 | D:4      | Slain by an ice beast

Vault maps used:
D:1:      minmay_arrival_stair_chambers, minmay_stone_trees_medium
D:2:      kennysheep_the_goblin_king, okawaru_altar_gauntlet_db,
          xom_teletrap_fun, fedhas_altar_3, ecumenical_altar_2
D:3:      hangedman_decor_clover_reticule, uniq_sigmund
D:4:      zin_academy, temple_statues, johnstein_pakellas_shop

Action                   |  1- 3 |  4- 6 || total
-------------------------+-------+-------++-------
Melee: Hand axe          |   148 |   105 ||   253
       Broad axe         |       |    26 ||    26
Throw: Javelin           |     4 |     9 ||    13
Invok: Depart the Abyss  |     1 |       ||     1
  Eat: Chunk             |     1 |     5 ||     6
